 Dungeon Crawl Stone Soup version 0.30.1-9-gdf580d7c3d (webtiles) character file.

Game seed: 9087569358522891404

220 Zalbag the Magician (level 6, -6/43 HPs)
             Began as a Djinni Fire Elementalist on Oct 25, 2023.
             Mangled by a yak (12 damage)
             ... on level 4 of the Dungeon.
             The game lasted 00:04:54 (2571 turns).

Zalbag the Magician (Djinni Fire Elementalist)      Turns: 2571, Time: 00:04:54

Health: -6/43      AC:  3    Str:  7    XL:     6   Next: 18%
Gold:   294        EV: 12    Int: 18    God:
                   SH:  0    Dex: 14

rFire   + + .        m - +2 short sword (flame)
rCold   x . .        (no shield)
rNeg    . . .        a - +0 robe
rPois   ∞            (no helmet)
rElec   .            (no cloak)
rCorr   .            s - +0 pair of gloves
SInv    .            (boots unavailable)
Will    .....        (no amulet)
Stlth   ++           (no ring)
HPRegen 0.27/turn    (no ring)
MPRegen 0.00/turn

%: infuse magic (-7 HP)
@: flying
A: sickness immunity, fire resistance 2, cold vulnerability 1, float, innate
caster, HP casting, extra vitality 1
a: no special abilities


You were on level 4 of the Dungeon.
You visited 1 branch of the dungeon, and saw 4 of its levels.

You collected 294 gold pieces.

Inventory:

Hand Weapons
 d - a +0 short sword
 m - a +2 short sword of flaming (weapon)
Missiles
 j - 10 poisoned darts (quivered)
Armour
 a - a +0 robe (worn)
 s - a +0 pair of gloves (worn)
Scrolls
 b - 2 scrolls of fear {unknown}
 g - a scroll of teleportation {unknown}
 n - a scroll of enchant armour {unknown}
 o - 2 scrolls of identify {unknown}
 q - a scroll of brand weapon {unknown}
 r - a scroll of vulnerability {unknown}
Potions
 c - a potion of experience {unknown}
 e - 2 potions of mutation {unknown}
 f - 2 potions of might {unknown}
 h - a potion of curing {unknown}
 i - a potion of magic {unknown}
 k - a potion of haste {unknown}
 l - a potion of lignification {unknown}
 p - a potion of flight {unknown}


   Skills:
 + Level 2.2 Fighting
 + Level 2.5 Dodging
 - Level 1.9 Stealth
 * Level 4.3 Spellcasting


You knew the following spells:

 Your Spells              Type           Power      Damage    Failure   Level
a - Foxfire               Conj/Fire      76%        2x1d7     2%          1
b - Scorch                Fire           38%        2d7       3%          2
c - Volatile Blastmotes   Fire/Tloc      38%        2d13      7%          3
d - Inner Flame           Hex/Fire       19%        N/A       7%          3
e - Flame Wave            Conj/Fire      19%        2d7       24%         4
f - Summon Small Mammal   Summ           76%        N/A       2%          1
g - Passwall              Tmut/Erth      15%        N/A       3%          2
Your spell library was empty.

Dungeon Overview and Level Annotations

Branches:
Dungeon (4/15)
 Temple: D:4-7

Altars:


Innate Abilities, Weirdness & Mutations

You are immune to sickness and miasma.
You are immune to poison.
Your flesh is very heat resistant. (rF++)
You are vulnerable to cold. (rC-)
You float through the air rather than walking.
You learn spells naturally, not from books.
Your magical power is your life essence.
You have superior vitality. (+4 MHP)


Message History

The yak is lightly wounded.
The foxfire hits the yak but does no damage.
The yak is lightly wounded.
Casting: Foxfire (safe; 2% risk of failure)
Confirm with . or Enter, or press ? or * to list all spells.
You conjure some foxfire!
Your foxfire dissipates!
The foxfire hits the yak but does no damage.
The yak is lightly wounded.
Casting: Foxfire (safe; 2% risk of failure)
Confirm with . or Enter, or press ? or * to list all spells.
You conjure some foxfire!
The foxfire hits the yak.
The yak is lightly wounded.
The foxfire hits the yak.
The yak is lightly wounded.
Casting: Foxfire (safe; 2% risk of failure)
Confirm with . or Enter, or press ? or * to list all spells.
Flames lash the yak.
The yak is moderately wounded.
The yak's fire resistance burns away.
Casting: Scorch (safe; 3% risk of failure)
Confirm with . or Enter, or press ? or * to list all spells.
Flames lash the yak.
The yak is burned terribly!
The yak is heavily wounded.
The yak gores you!
Unknown command.
Casting: Scorch (safe; 3% risk of failure)
Confirm with . or Enter, or press ? or * to list all spells.
Flames lash the yak.
The yak is burned terribly!
The yak is severely wounded.
The yak gores you!
* * * LOW HITPOINT WARNING * * *
Unknown command.
Casting: Scorch (safe; 3% risk of failure)
Confirm with . or Enter, or press ? or * to list all spells.
Flames lash the yak but do no damage.
* * * LOW HITPOINT WARNING * * *
The yak gores you!
You die...

...#... ##.## ## .......##...##.#
.......#...###.# ...........##..#
≈ ........#.[....# ≈
........##.....# #≈
....##..##.....## ##≈ ...
##.Y##......######≈≈ ..
#..@....).....#..... .
#..........#........
..###..........##.#..... #.###
...................####....
..#.##.................#.........
....#...........................#
...#..........................##
# ..#..........................#.
.##......#...................>...


You could see a yak (combustible).

Vanquished Creatures
  A yak (D:4)
  3 adders
  A worm (D:2)
  A dart slug (D:3)
  6 endoplasms
  A giant cockroach (D:3)
  3 goblins
  6 hobgoblins
  2 quokkas
  5 ball pythons
  A frilled lizard (D:3)
  6 kobolds
  6 rats
42 creatures vanquished.

Vanquished Creatures (others)
  44 foxfires
44 creatures vanquished.

Grand Total: 86 creatures vanquished

Notes
Turn   | Place    | Note
-------+----------+-------------------------------------------
     0 | D:1      | Zalbag the Djinni Fire Elementalist began the quest for the
                  | Orb.
     0 | D:1      | Zalbag set off with the following spells memorised:
                  | Foxfire, Scorch, Volatile Blastmotes, Inner Flame, Flame
                  | Wave.
     0 | D:1      | Reached XP level 1. HP: 15/15 MP: 0/0
   564 | D:1      | Reached XP level 2. HP: 20/21 MP: 0/0
  1148 | D:2      | Reached XP level 3. HP: 25/25 MP: 0/0
  1148 | D:2      | Learned a level 1 spell: Summon Small Mammal
  1275 | D:2      | Reached skill level 3 in Spellcasting
  1778 | D:3      | Reached XP level 4. HP: 31/31 MP: 0/0
  1998 | D:3      | Found a faded altar of an unknown god.
  2435 | D:4      | Noticed a yak
  2435 | D:4      | Noticed a yak
  2455 | D:4      | Killed a yak
  2456 | D:4      | Reached skill level 4 in Spellcasting
  2456 | D:4      | Reached XP level 5. HP: 16/38 MP: 0/0
  2456 | D:4      | Learned a level 2 spell: Passwall
  2456 | D:4      | Reached XP level 6. HP: 18/43 MP: 0/0
  2571 | D:4      | Mangled by a yak

Illustrated notes

Levels and vault maps discovered:
D:1:      spicycebolla_arrival_risky_transporter, layout_basic,
          minmay_pentomino_x4
D:2:      layout_loops_cross, chequers_serial_rivers_marsh
D:3:      layout_loops_ring, dreamdust_ecumenical_altar_angels_and_demons,
          serial_bayou_pond_d
D:4:      layout_cave_pools, lightli_temple_of_fire,
          nicolae_tso_carved_into_rock, pf_guarded_unrand_delatra

Skill      XL: |  1  2  3  4 |
---------------+-------------+-----
Spellcasting   | 3 4 |  4.3
Fighting       | 2 |  2.2
Dodging        | |  2.5
Stealth        | |  1.9

Action                     |  1- 3 |  4- 6 || total
---------------------------+-------+-------++-------
  Melee: Short sword       |    34 |    18 ||    52
         Punch             |     1 |       ||     1
  Throw: Dart              |     4 |     2 ||     6
   Cast: Foxfire           |     9 |    17 ||    26
         Scorch            |    15 |    13 ||    28
   Stab: Sleeping          |     6 |       ||     6
 Armour: Robe              |     3 |     2 ||     5
  Dodge: Dodged            |    21 |    14 ||    35
